Description

Hard one

5:00

Buildings: 2 Nexus 7 Pylon 2 Assimilator 6 Warp Gate 1 Forge 1 Cybernetics Core 1 Twilight Council

Units: 43 Probe 19 Adept 1 Mothership Core

Research: Ground Weapons 1 Warp Gate Transformation Resonating Glaives

Build Order

Get SALT Encoding   

  14  0:16  Pylon  
  17  0:45  Assimilator  3* Probes To Gas
  18  1:04  Nexus  Scout and die for aiur
  20  1:22  Gateway  
  21  1:32  Pylon  
  22  1:45  Forge  
  24  2:09  Cybernetics Core  
  28  2:27  Assimilator  3* Probes To Gas
  30  2:38  Gateway  
  32  2:49  Protoss Ground Weapons Level 1  
  32  2:50  Warp Gate  ***Warp Gate Transformation***
  34  2:59  Twilight Council  
  37  3:05  Gateway x2  
  35  3:10  Mothership Core  
  38  3:17  Gateway  
  39  3:21  Pylon  1 probe to enemy base (build proxy pylon at 4:00-4:15)
  40  3:29  Adept  
  42  3:34  Gateway  
  44  3:41  Adept  
  46  3:44  Resonating Glaives  
  46  3:47  Pylon  
  47  3:49  Action  Chrono 2 gateway
  47  3:52  Adept x5  
  57  4:15  Pylon x3  by this time 3 pylon (1-2 proxy)
  58  4:20  Adept  
  60  4:27  Action  5* Convert Gateway To warp Gate
  60  4:34  Adept x5  
  71  4:47  Action  1* Convert Gateway To warp Gate
  71  4:54  Adept x6  
  71  5:00  Action  Stop build probes
  81  5:01  Action  Chaaaarge!
Spawning Tool Build Advisor. Get it on Overwolf

Go to:

Details

  • Created by: Ubiq
  • Published on: Aug 14, 2017
  • Modified on: Aug 16, 2017
  • Patch: 3.8.0
Show
View Real Time Build Order
Export as new Build Order

Comments (0)

There are no comments. Be the first!

Create an account to comment!